 Dungeon Crawl Stone Soup version 0.19.1-1-g22dce08 (webtiles) character file.

6183 MovingMist the Nimble (level 10, 0/64 HPs)
             Began as a Gargoyle Fighter on Jan 18, 2017.
             Was an Elder of Okawaru.
             Slain by kengeki's ghost (1 damage)
             ... on level 10 of the Dungeon.
             The game lasted 00:29:25 (8797 turns).

MovingMist the Nimble (Gargoyle Fighter)            Turns: 8797, Time: 00:29:27

Health: 0/64       AC: 23    Str: 20    XL:     10   Next: 91%
Magic:  10/10      EV: 12    Int:  9    God:    Okawaru [****..]
Gold:   239        SH:  9    Dex: 12    Spells: 3 memorised, 2 levels left

rFire  . . .     SeeInvis +     M - +0 morningstar
rCold  . . .     Gourm    .     z - +4 scale mail {rN+}
rNeg   + + .     Faith    .     c - +0 shield
rPois  ∞         Spirit   .     q - +0 helmet
rElec  +         Reflect  .     k - +0 cloak
rCorr  +         Harm     .     (no gloves)
MR     .....                    w - +0 pair of boots (curse)
Stlth  ..........               (no amulet)
                                F - ring of see invisible
                                u - ring of resist corrosion

@: no status effects
A: negative energy resistance 1, electricity resistance, wild magic 1,
unbreathing, petrification resistance, rot immunity, AC +7
a: Heroism, Renounce Religion


You were on level 10 of the Dungeon.
You worshipped Okawaru.
Okawaru was greatly pleased with you.
You were hungry.

You visited 2 branches of the dungeon, and saw 11 of its levels.
You also visited: Ossuary.

You collected 440 gold pieces.
You spent 201 gold pieces at shops.

Inventory:

Hand Weapons
 M - a +0 morningstar (weapon)
Missiles
 j - 6 javelins (quivered)
Armour
 c - a +0 shield (worn)
 k - a +0 cloak (worn)
 q - a +0 helmet (worn)
 w - a cursed +0 pair of boots (worn)
 z - a +4 scale mail of positive energy (worn)
Jewellery
 u - a ring of resist corrosion (left hand)
 F - a ring of see invisible (right hand)
Wands
 y - a wand of hasting (1/9)
 I - a wand of digging (8/24)
 Q - a wand of lightning (4/15)
 S - a wand of hasting (7/9)
 T - a wand of flame (19/48)
 Z - a wand of digging (24/24)
Scrolls
 b - 5 scrolls of enchant weapon
 e - 2 scrolls of recharging
 o - 5 scrolls of noise
 p - 11 scrolls of remove curse
 r - a scroll of fear
 B - 5 scrolls of teleportation {unknown}
 J - a scroll of acquirement {unknown}
 N - a scroll of random uselessness {unknown}
 P - a scroll of blinking {unknown}
 R - a scroll of vulnerability {unknown}
 V - a scroll of fog {unknown}
 W - a scroll of enchant armour {unknown}
 Y - a scroll of magic mapping {unknown}
Potions
 a - a potion of cure mutation
 d - a potion of might
 i - 2 potions of invisibility
 s - a potion of cancellation
 t - 2 potions of agility
 x - 7 potions of degeneration
 A - 6 potions of curing
 C - a potion of ambrosia {unknown}
 E - a potion of lignification {unknown}
 G - 2 potions of brilliance {unknown}
 H - 4 potions of resistance
 K - a potion of mutation {unknown}
 O - a potion of flight {unknown}
Books
 U - a book of Minor Magic

   Spells                             Type                      Level
   a - Magic Dart                     Conjuration                  1
   b - Blink                          Translocation                2
   c - Call Imp                       Summoning                    2
   d - Repel Missiles                 Charms/Air                   2
   e - Slow                           Hexes                        2
   f - Conjure Flame                  Conjuration/Fire             3
   g - Mephitic Cloud                 Conjuration/Poison/Air       3
Comestibles
 f - 9 bread rations
 g - 4 meat rations
 h - 6 fruits
 n - 4 royal jellies
 v - 3 beef jerkies
 D - 3 slices of pizza
 L - 6 chunks of flesh


   Skills:
 + Level 8.2 Fighting
 + Level 7.7 Maces & Flails
 + Level 8.6 Armour
 * Level 8.6 Dodging
 - Level 3.2 Shields


You had 2 spell levels left.
You knew the following spells:

 Your Spells              Type           Power        Failure   Level  Hunger
a - Conjure Flame         Conj/Fire      #.......     100%        3    ####...
b - Repel Missiles        Chrm/Air       #.....       100%        2    ###....
c - Blink                 Tloc           N/A          100%        2    ###....


Dungeon Overview and Level Annotations

Branches:
Dungeon (10/15)            Temple (1/1) D:6             Orc (0/2) D:9
   Lair: D:8-11

Altars:
Ashenzari
Cheibriados
Dithmenos
Elyvilon
Fedhas
Gozag
Hepliaklqana
Kikubaaqudgha
Makhleb
Nemelex Xobeh
Okawaru
Qazlal
Ru
Sif Muna
Trog
Uskayaw
Vehumet
Xom
Yredelemnul
Zin
The Shining One

Shops:
D:6 (   D:7 ?

Annotations:
D:10 kengeki's ghost, journeyman HOMo


Innate Abilities, Weirdness & Mutations

You are resistant to torment.
Your stone body is resilient. (AC +7)
You are immune to poison.
You resist negative energy. (rN+)
You are resistant to electric shocks. (rElec)
You can survive without breathing.
You are immune to petrification.
You are immune to rotting.
Your spells are a little harder to cast, but a little more powerful.


Message History

You sock the crocodile!
The crocodile is moderately wounded.
The crocodile bites you but does no damage.
Kengeki's ghost wails.
Kengeki's ghost hits you but does no damage.
You closely miss the crocodile.
The crocodile is moderately wounded.
You block the crocodile's attack. You block kengeki's ghost's attack.
You barely miss the crocodile.
The crocodile is moderately wounded.
The crocodile bites you.
* * * LOW HITPOINT WARNING * * *
You block kengeki's ghost's attack.
You hit the crocodile.
The crocodile is moderately wounded.
The crocodile bites you but does no damage.
Kengeki's ghost hits you.
* * * LOW HITPOINT WARNING * * *
Kengeki's ghost freezes you.
You die...

#.#.# #.#.#
#.#.# #.#.#
#.#.# #.#.#
##.#.#
#########....#
#.t@W5....#..#
#.#######...##
# ...## #####


You could see a crocodile, a quasit and kengeki's ghost.

Vanquished Creatures
  A hippogriff (D:10)
  Sigmund (D:4)
  2 wraiths (Ossuary)
  Grum (D:9)
  5 yaks
  2 hungry ghosts
  Edmund (D:4)
  Menkaure (D:7)
  A swamp drake (D:9)
  5 orc warriors
  Duvessa (D:7)
  2 sky beasts (D:7)
  An ice beast (D:9)
  A necrophage (D:10)
  3 phantoms
  2 wolves (D:9)
  The ghost of MovingMist the Pure, an amateur DsAK of Lugonu (D:3)
  2 ogres
  7 centaurs
  A crocodile (D:10)
  Blork the orc (D:6)
  A big kobold (D:9)
  A bullfrog (D:10)
  Dowan (D:7)
  3 scorpions
  3 wights (Ossuary)
  A crimson imp (D:8)
  2 bullfrog zombies
  A centaur zombie (D:7)
  A hound (D:4)
  9 orc wizards
  8 orc priests
  A gnoll shaman (D:6)
  A jelly (D:8)
  3 iguanas
  Terence (D:3)
  5 worker ants
  A mummy (D:6)
  5 gnolls (D:6)
  11 adders
  4 oozes
  3 worms (D:3)
  2 adder skeletons
  4 adder zombies (Ossuary)
  A dart slug (D:1)
  5 leopard geckos
  40 orcs
  7 bats
  4 giant cockroaches
  9 goblins
  11 hobgoblins
  15 jackals
  12 kobolds
  4 quokkas
  4 ball pythons
  4 frilled lizards
  A goblin zombie (D:6)
  2 hobgoblin zombies (Ossuary)
  2 jackal zombies
  2 orc skeletons (Ossuary)
  2 orc zombies
  A quokka skeleton (D:5)
  9 rats
249 creatures vanquished.

Vanquished Creatures (others)
  A human (D:4)
  An adder zombie (D:10)
  5 toadstools (D:1)
7 creatures vanquished.

Grand Total: 256 creatures vanquished

Notes
Turn   | Place    | Note
-------+----------+-------------------------------------------
     0 | D:1      | MovingMist the Gargoyle Fighter began the quest for the Orb.
     0 | D:1      | Reached XP level 1. HP: 14/14 MP: 1/1
    72 | D:1      | Reached XP level 2. HP: 16/19 MP: 2/2
   129 | D:1      | Reached skill level 1 in Dodging
   276 | D:1      | Reached XP level 3. HP: 23/23 MP: 3/3
   914 | D:2      | Reached XP level 4. HP: 28/29 MP: 4/4
  1596 | D:3      | Noticed MovingMist's ghost (amateur DsAK)
  1628 | D:3      | Killed MovingMist's ghost
  1628 | D:3      | Reached XP level 5. HP: 21/33 MP: 5/5
  2051 | D:3      | Reached XP level 6. HP: 38/38 MP: 6/6
  2185 | D:3      | Noticed Terence
  2246 | D:3      | Killed Terence
  2428 | D:3      | Found a deep blue altar of Sif Muna.
  2686 | D:3      | Found a stormy altar of Qazlal.
  2729 | D:4      | Found an ancient bone altar of Kikubaaqudgha.
  2732 | D:4      | Noticed a human
  2733 | D:4      | Killed a human
  2859 | D:4      | Noticed Edmund
  2925 | D:4      | Killed Edmund
  2925 | D:4      | Reached XP level 7. HP: 41/44 MP: 7/7
  3064 | D:4      | Noticed Sigmund
  3083 | D:4      | Killed Sigmund
  3424 | D:4      | Reached skill level 5 in Armour
  3458 | D:4      | Reached skill level 5 in Fighting
  3757 | D:5      | Entered Level 5 of the Dungeon
  3806 | D:5      | Found a shimmering altar of Xom.
  3872 | D:5      | Reached XP level 8. HP: 32/49 MP: 8/8
  4161 | D:5      | Got a brightly glowing lapis lazuli ring
  4195 | D:5      | Identified the ring of Nyizeucu {rF+ rC+ MP+9 Int+7 Slay-3} (You found it on level 5 of the Dungeon)
  4702 | D:6      | Found a sparkling altar of Nemelex Xobeh.
  4799 | D:6      | Found a sand-covered staircase.
  4808 | Ossuary  | Entered an ossuary
  4874 | Ossuary  | Reached skill level 5 in Maces & Flails
  4874 | Ossuary  | Reached skill level 5 in Dodging
  4940 | Ossuary  | Noticed a flying skull
  4940 | Ossuary  | Noticed a wraith
  4947 | Ossuary  | Noticed a flying skull
  4974 | Ossuary  | Noticed a flying skull
  4990 | Ossuary  | Noticed a flying skull
  5000 | Ossuary  | Noticed a wraith
  5023 | Ossuary  | Killed a wraith
  5040 | Ossuary  | Noticed a wraith
  5050 | Ossuary  | Killed a wraith
  5255 | D:6      | Noticed Blork the orc
  5263 | D:6      | Killed Blork the orc
  5269 | D:6      | Reached XP level 9. HP: 51/55 MP: 9/9
  5321 | D:6      | Found a radiant altar of Vehumet.
  5627 | D:6      | Found a staircase to the Ecumenical Temple.
  5663 | Temple   | Entered the Ecumenical Temple
  5683 | Temple   | Became a worshipper of Warmaster Okawaru
  5821 | D:6      | Found Jinoa's Weapon Shop.
  5922 | D:6      | Found a snail-covered altar of Cheibriados.
  6174 | D:7      | Noticed Menkaure
  6188 | D:7      | Killed Menkaure
  6373 | D:7      | Found Ditoig's Magic Scroll Emporium.
  6402 | D:7      | Learned a level 3 spell: Conjure Flame
  6410 | D:7      | Learned a level 2 spell: Repel Missiles
  6413 | D:7      | Learned a level 2 spell: Blink
  6429 | D:7      | Bought a scroll of identify for 26 gold pieces
  6429 | D:7      | Bought a scroll of remove curse for 39 gold pieces
  6429 | D:7      | Bought a scroll of remove curse for 39 gold pieces
  6429 | D:7      | Bought a scroll of enchant weapon for 97 gold pieces
  6456 | D:7      | Found a sacrificial altar of Ru.
  6532 | D:7      | Noticed Dowan
  6533 | D:7      | Noticed Duvessa
  6542 | D:7      | Killed Duvessa
  6548 | D:7      | Killed Dowan
  6548 | D:7      | Reached * piety under Okawaru
  6693 | D:7      | Gained mutation: Your spells are a little harder to cast, but a little more powerful. [mutagenic meat]
  7265 | D:8      | Reached ** piety under Okawaru
  7273 | D:8      | Reached XP level 10. HP: 55/63 MP: 10/10
  7602 | D:9      | Found a glowing golden altar of the Shining One.
  7856 | D:9      | Noticed Grum
  7872 | D:9      | Killed Grum
  7890 | D:9      | Found a shattered altar of Ashenzari.
  7939 | D:9      | Reached *** piety under Okawaru
  8238 | D:9      | Found a staircase to the Orcish Mines.
  8530 | D:10     | Entered Level 10 of the Dungeon
  8644 | D:10     | Reached **** piety under Okawaru
  8663 | D:10     | Noticed kengeki's ghost (journeyman HOMo)
  8728 | D:10     | HP: 3/64 [kengeki's ghost (1)]
  8763 | D:10     | HP: 3/64 [kengeki's ghost (4)]
  8797 | D:10     | HP: 1/64 [kengeki's ghost (3)]
  8797 | D:10     | Slain by kengeki's ghost

Skill      XL: |  1  2  3  4  5  6  7  8  9 10 |
---------------+-------------------------------+-----
Dodging        | 1 2 3 4 5 7 8 |  8.6
Fighting       | 4 5 6 7 8 |  8.2
Maces & Flails | 3 4 5 6 7 |  7.7
Armour         | 4 5 6 7 8 |  8.6
Shields        | |  3.2

Action                   |  1- 3 |  4- 6 |  7- 9 | 10-12 || total
-------------------------+-------+-------+-------+-------++-------
Melee: Flail             |   131 |   418 |   433 |   129 ||  1111
       Morningstar       |       |       |       |   237 ||   237
Invok: Heroism           |       |       |       |     2 ||     2
  Use: Scroll            |       |       |     7 |     4 ||    11
       Potion            |       |       |       |     3 ||     3
  Eat: Chunk             |       |     7 |    22 |     7 ||    36
Armor: Scale mail        |    37 |       |   193 |   182 ||   412
       Plate armour      |    52 |   267 |       |       ||   319
Dodge: Dodged            |    39 |    71 |   147 |   174 ||   431
Block: Shield            |    77 |   199 |   206 |   175 ||   657
